 Dungeon Crawl Stone Soup version 0.13.0-3-g966e3ec (webtiles) character file.

594 HungrySpirit the Sneak (level 6, -5/28 HPs)
             Began as a Spriggan Enchanter on Oct 13, 2013.
             Was a Follower of Okawaru.
             Slain by Pikel
             ... wielding a +1,+0 whip of electrocution
              (23 damage)
             ... on Level 5 of the Dungeon.
             The game lasted 00:18:29 (5301 turns).

HungrySpirit the Sneak (Spriggan Enchanter)         Turns: 5301, Time: 00:18:29

HP  -5/28        AC  3     Str  5      XL: 6   Next: 66%
MP  16/20        EV 18     Int 16      God: Okawaru [*.....]
Gold 165         SH  0     Dex 18      Spells:  3 memorised,  8 levels left

Res.Fire  : . . .   See Invis. : +   a - +1 dagger {=f}
Res.Cold  : . . .   Warding    : .   b - +1 robe
Life Prot.: . . .   Conserve   : +   (shield restricted)
Res.Poison: .       Res.Corr.  : .   (helmet restricted)
Res.Elec. : .       Clarity    : .   (no cloak)
Sust.Abil.: . .     Spirit.Shd : .   (gloves unavailable)
Res.Mut.  : .       Stasis     : .   (boots unavailable)
Res.Rott. : .       Flight     : .   F - amulet of conservation
Saprovore : . . .                    e - ring of teleport control
                                     w - ring of protection from magic

@: very quick, quite resistant to hostile enchantments, very stealthy
A: unfitting armour, see invisible, herbivore 3, speed 3, slow metabolism 2
a: Heroism, Renounce Religion, Evoke Teleport Control


You were on level 5 of the Dungeon.
You worshipped Okawaru.
Okawaru was aware of your devotion.
You were not hungry.

You visited 1 branch of the dungeon, and saw 5 of its levels.

You collected 145 gold pieces.

Inventory:

Hand weapons
 a - a +1,+1 dagger (weapon) {=f}
 r - a +0,+0 short sword
Missiles
 d - 9 darts (quivered)
 f - 16 steel darts
 h - 15 silver darts
Armour
 b - a +1 robe (worn)
 z - a cursed -2 orcish buckler
Magical devices
 y - a wand of flame (2)
 A - a wand of confusion (15)
Comestibles
 v - 2 apples
 B - a pear
Scrolls
 g - a scroll of remove curse {unknown}
 j - 2 scrolls of random uselessness {unknown}
 l - a scroll of enchant weapon II {unknown}
 o - 3 scrolls of teleportation {unknown}
 p - 2 scrolls of fear {unknown}
 s - 2 scrolls of amnesia {unknown}
 u - 2 scrolls of magic mapping {unknown}
 C - a scroll of noise {unknown}
Jewellery
 e - a ring of teleport control (right hand)
 w - a ring of protection from magic (left hand)
 F - an amulet of conservation (around neck)
Potions
 k - 4 potions of curing
 m - 2 potions of magic
 n - 2 potions of speed
 q - a potion of agility {unknown}
 x - 2 potions of heal wounds
 D - a potion of blood {unknown}
 E - a potion of poison {unknown}
Books
 c - a book of Maledictions

   Spells                             Type                      Level
   *Corona                            Hexes                        1
   Sure Blade                         Hexes/Charms                 2
   *Ensorcelled Hibernation           Hexes/Ice                    2
   *Confuse                           Hexes                        3
   Enslavement                        Hexes                        4
   Invisibility                       Hexes                        6
 t - a book of Battle

   Spells                             Type                      Level
   Infusion                           Charms                       1
   Shroud of Golubria                 Charms/Translocation         2
   Song of Slaying                    Charms                       2
   Spectral Weapon                    Hexes/Charms                 3
   Regeneration                       Charms/Necromancy            3
   Song of Shielding                  Charms                       4


   Skills:
 - Level 3.4 Short Blades
 - Level 1.1 Throwing
 - Level 3.0 Dodging
 * Level 6.7 Stealth
 + Level 4.7 Spellcasting
 - Level 5.0 Hexes


You had 8 spell levels left.
You knew the following spells:

 Your Spells              Type           Power        Failure   Level  Hunger
a - Corona                Hex            ###....      1%          1    None
b - Ensorcelled Hibernat  Hex/Ice        ##....       10%         2    #......
c - Confuse               Hex            ###.....     8%          3    ###....


Dungeon Overview and Level Annotations

Branches:
Dungeon (5/27)             Temple (0/1) D:4

Altars:
Kikubaaqudgha
Okawaru

Shops:
D:4 (

Annotations:
D:5 Pikel


Innate Abilities, Weirdness & Mutations

You are tiny and cannot use many weapons and most armour.
You have supernaturally acute eyesight.
You are a herbivore.
You cover ground extremely quickly.
You need consume almost no food.


Message History

Pikel shouts!
Casting: Ensorcelled Hibernation
Confirm with . or Enter, or press ? or * to list all spells.
Aiming: Ensorcelled Hibernation
Press: ? - help, Shift-Dir - straight line, f - Pikel
Aim: Pikel, wielding a glowing whip and wearing a robe Pikel struggles to resist.
Casting: Ensorcelled Hibernation
Confirm with . or Enter, or press ? or * to list all spells.
Aiming: Ensorcelled Hibernation
Press: ? - help, Shift-Dir - straight line, f/p - Pikel
Aim: Pikel, wielding a glowing whip and wearing a robe Pikel looks drowsy...
A slave comes into view.
The helpless Pikel fails to defend himself.
You stick Pikel like a pincushion!!!
Pikel is almost dead.
Pikel hits you with a glowing whip!
You are electrocuted!
Ouch! That really hurt!
You die...

#.# ####.# ....### .
..... .... ... .#..
#.# ... #.# #.. #.#
#.. #@# #..#####K#
#....##..#####
#............#
..(.....###.#.###.##
....?o. #.#)# #..###
.####.o #@#.###....#
... ..#.[.).####
##@K #######.#


You could see Pikel and a slave (wandering).

Vanquished Creatures
  A slave (D:5)
  A phantom (D:4)
  An ogre (D:4)
  A hound (D:4)
  An orc wizard (D:4)
  Ijyb (D:2)
  An ogre skeleton (D:4)
  2 gnolls (D:2)
  7 adders
  A giant mite (D:4)
  8 orcs
  6 bats
  4 giant cockroaches
  13 goblins
  7 hobgoblins
  4 jackals (D:3)
  14 kobolds
  2 quokkas
  4 giant newts
  9 rats
  A rat skeleton (D:4)
89 creatures vanquished.

Notes
Turn   | Place    | Note
--------------------------------------------------------------
     0 | D:1      | HungrySpirit, the Spriggan Enchanter, began the quest for the Orb.
     0 | D:1      | Reached XP level 1. HP: 9/9 MP: 4/4
   350 | D:1      | Reached XP level 2. HP: 7/13 MP: 6/6
   539 | D:1      | Reached skill level 4 in Hexes
  1137 | D:2      | Learned a level 2 spell: Ensorcelled Hibernation
  1433 | D:2      | Reached XP level 3. HP: 16/16 MP: 9/9
  1957 | D:2      | Noticed Ijyb
  2161 | D:2      | Killed Ijyb
  2161 | D:2      | Reached XP level 4. HP: 14/21 MP: 0/11
  2411 | D:2      | Reached skill level 5 in Hexes
  2925 | D:3      | Learned a level 3 spell: Confuse
  3006 | D:3      | Found an ancient bone altar of Kikubaaqudgha.
  3015 | D:3      | Found an iron altar of Okawaru.
  3022 | D:3      | Became a worshipper of Warmaster Okawaru
  3349 | D:3      | Reached XP level 5. HP: 17/24 MP: 6/15
  3917 | D:4      | Noticed a phantom
  4020 | D:4      | Killed a phantom
  4020 | D:4      | Acquired Okawaru's first power
  4020 | D:4      | Reached skill level 5 in Stealth
  4020 | D:4      | Reached XP level 6. HP: 28/28 MP: 17/19
  4547 | D:4      | Noticed an ogre
  4553 | D:4      | Killed an ogre
  4553 | D:4      | Reached skill level 6 in Stealth
  4603 | D:4      | Found a staircase to the Ecumenical Temple.
  4944 | D:4      | Found Struig's Weapon Shop.
  5158 | D:5      | Entered Level 5 of the Dungeon
  5197 | D:5      | Noticed Pikel
  5301 | D:5      | Slain by Pikel

Action                   |  1- 3 |  4- 6 || total
-------------------------+-------+-------++-------
Melee: Dagger            |   136 |   143 ||   279
Throw: Dart              |    25 |       ||    25
 Cast: Ensorcelled Hiber |    16 |    46 ||    62
Evoke: Wand              |       |    11 ||    11
  Use: Potion            |       |     1 ||     1
       Scroll            |       |     7 ||     7
 Stab: Sleeping          |     9 |    28 ||    37
       Distracted        |     1 |       ||     1
       Confused          |       |     2 ||     2
